cohdb
Replays
Latest Replays
All Replays
Popular Replays
Top Player Replays
Match Explorer
How It Works
Community
CoH3 Stats
Reddit
Sign in to upload your games and track your stats! →
Sign in with Steam
Asher loses every tank 1 by 1 and wonders why he lost
Match 21709526
Overview
Messages
Build Orders
End
Kettenkrad Recon Vehicle
Construct Infanterie Kompanie
Selects Luftwaffe Battlegroup
Grenadier Squad
Selects Luftwaffe Pioneer Support
MG 42 Machine Gun Team
Grenadier Squad
Construct Panzergrenadier Kompanie
Panzergrenadier Squad
Medical Station
Selects LG40 Recoilless Gun Paradrop
Panzergrenadier Squad
Panzergrenadier Officer Quarters
Construct Panzer Kompanie
LG40 Recoilless Gun Paradrop
Sturmpanzer IV Brummbär
Selects Infantry Reserves
Selects Reconnaissance Run
Selects Fallschirmjäger Squad Paradrop
Pak 40 Anti-tank Gun Team
Sturmpanzer IV Brummbär
Pioneer Squad
Selects Stuka Loiter
Sturmpanzer IV Brummbär
Pioneer Squad
Stuka Loiter
Stuka Loiter
Panzer IV Medium Tank
Stoßtruppen Squad
Panzer IV Medium Tank
nub
☦Ashur
0
0
Comments
sign in to comment!
No comments posted yet!